[Event "Titled Tuesday Blitz June 6 Late 2023"]
[White "Moroni, Luca Jr"]
[Black "Bitoon, Richard"]
[WhiteFideId "865834"]
[BlackFideId "5201110"]
[WhiteElo "2569"]
[BlackElo "2374"]
[Result "1-0"]
[Round "6"]
[TimeControl "180+2"]
[Date "2023.06.07"]
[WhiteClock "0:00:16"]
[BlackClock "0:00:01"]
[Board "21"]

1. d4 Nf6 2. c4 g6 3. Nc3 Bg7 4. e4 O-O 5. Bd3 d6 6. Nge2 c6 7. O-O a6 8. a4 Nbd7 9. f3 e5 10. d5 Qb6+ 11. Kh1 a5 12. Ra3 Nc5 13. Be3 Nfd7 14. Qd2 Qb4 15. Qc2 Nxd3 16. Qxd3 Nc5 17. Qc2 f5 18. Rd1 fxe4 19. Bxc5 dxc5 20. Nxe4 cxd5 21. cxd5 Bf5 22. N2g3 Rfd8 23. d6 c4 24. Rc3 Rac8 25. Qd2 h6 26. h4 Qxa4 27. h5 Kh7 28. Nxf5 gxf5 29. Ng3 Qd7 30. Qc2 Rf8 31. Rxc4 Rc6 32. Rxc6 bxc6 33. Qd3 Rf6 34. Qc2 Kh8 35. Qc5 Rf8 36. Qxa5 e4 37. Qc7 exf3 38. Qxd7 1-0


[Site "https://www.chess.com"]

[Event "Titled Tuesday Blitz June 6 Late 2023"]
[White "Golubev, Mikhail"]
[Black "Bluebaum, Matthias"]
[WhiteFideId "14100983"]
[BlackFideId "24651516"]
[WhiteElo "2374"]
[BlackElo "2639"]
[Result "0-1"]
[Round "6"]
[TimeControl "180+2"]
[Date "2023.06.07"]
[WhiteClock "0:00:02"]
[BlackClock "0:00:24"]
[Board "23"]

1. e4 e6 2. Nc3 d5 3. d4 Nf6 4. Bg5 dxe4 5. Nxe4 Be7 6. Nxf6+ Bxf6 7. Bxf6 Qxf6 8. Qd2 O-O 9. O-O-O Rd8 10. Qc3 Nc6 11. Nf3 Bd7 12. Bd3 Rac8 13. Rhe1 Ne7 14. Be4 Bc6 15. Bxc6 bxc6 16. Ne5 Rd6 17. Qf3 Qg5+ 18. Kb1 Rf8 19. Nc4 Rd5 20. Re5 Qg6 21. Rxd5 cxd5 22. Ne5 Qg5 23. g3 Nf5 24. h4 Qe7 25. Qc3 Qd6 26. Nc6 Ne7 27. Nxe7+ Qxe7 28. f4 Rb8 29. b3 h6 30. Qe3 a5 31. f5 Rb6 32. fxe6 Rxe6 33. Qf3 c6 34. a4 Re4 35. Qf5 Qd6 36. Rd3 g6 37. Qf2 Qe6 38. Kb2 h5 39. Rd2 Kg7 40. Qf3 f5 41. Qc3 Qd6 42. Qxa5 Qxg3 43. Qa7+ Kh6 44. Qf7 Rxh4 45. a5 Qe3 46. Qf8+ Kg5 47. Rg2+ Rg4 48. Rxg4+ hxg4 49. Qg7 g3 50. a6 g2 51. a7 g1=Q 0-1


[Site "https://www.chess.com"]

[Event "Titled Tuesday Blitz June 6 Late 2023"]
[White "Kramnik, Vladimir"]
[Black "Jaracz, Pawel"]
[WhiteFideId "4101588"]
[BlackFideId "1102222"]
[WhiteElo "2703"]
[BlackElo "2454"]
[Result "1/2-1/2"]
[Round "6"]
[TimeControl "180+2"]
[Date "2023.06.07"]
[WhiteClock "0:00:07"]
[BlackClock "0:00:07"]
[Board "24"]

1. e4 c6 2. d4 d5 3. Nd2 dxe4 4. Nxe4 Bf5 5. Ng3 Bg6 6. h4 h6 7. Nf3 Nd7 8. h5 Bh7 9. Bd3 Bxd3 10. Qxd3 e6 11. Bd2 Ngf6 12. O-O-O Be7 13. Ne4 Qb6 14. Nxf6+ Bxf6 15. Bf4 Rd8 16. c3 c5 17. d5 O-O 18. g4 exd5 19. g5 hxg5 20. Nxg5 Bxg5 21. Bxg5 Ne5 22. Qg3 f6 23. Bf4 Qe6 24. Rhg1 Rd7 25. h6 Rff7 26. hxg7 Rxg7 27. Qe3 d4 28. Rxg7+ Rxg7 29. cxd4 cxd4 30. Qxd4 Nc6 31. Qd5 Qxd5 32. Rxd5 Kf7 33. Be3 Ke6 34. Rb5 b6 35. Kc2 Rc7 36. Kb1 Ne7 37. Rh5 Nd5 38. Bd2 Rg7 39. Rh3 Rg2 40. Rf3 Ke5 41. Kc2 Ke4 42. Ra3 Rxf2 43. Rxa7 Ne3+ 44. Kc3 Nd5+ 45. Kc2 Nb4+ 46. Kc3 Nd5+ 47. Kc2 1/2-1/2


[Site "https://www.chess.com"]

[Event "Titled Tuesday Blitz June 6 Late 2023"]
[White "Svane, Rasmus"]
[Black "Nazari, Arad"]
[WhiteFideId "4657101"]
[BlackFideId "12577324"]
[WhiteElo "2601"]
[BlackElo "2175"]
[Result "1-0"]
[Round "6"]
[TimeControl "180+2"]
[Date "2023.06.07"]
[WhiteClock "0:01:20"]
[BlackClock "0:00:07"]
[Board "25"]

1. Nf3 c5 2. c4 Nc6 3. Nc3 g6 4. e3 Nf6 5. d4 cxd4 6. exd4 d5 7. cxd5 Nxd5 8. Qb3 Nxc3 9. Bc4 Nd5 10. Bxd5 e6 11. Bxc6+ bxc6 12. O-O f6 13. Bd2 Qd5 14. Qa4 Bd7 15. Qc2 Kf7 16. Bc3 Bd6 17. Nd2 c5 18. dxc5 Bc6 19. f3 Qxc5+ 20. Kh1 Qh5 21. h3 Rac8 22. Ne4 Bxe4 23. Qxe4 Qf5 24. Rad1 Rhd8 25. Rd3 Qf4 26. Qxf4 Bxf4 27. Rfd1 Rxd3 28. Rxd3 Rc7 29. Kg1 Bg3 30. Kf1 e5 31. Rd6 e4 32. Rxf6+ Ke7 33. Ra6 exf3 34. gxf3 Rd7 35. Ke2 Kd8 36. Ke3 Kc8 37. f4 Kb7 38. Re6 Bh4 39. Ke4 Bd8 40. f5 gxf5+ 41. Kxf5 Rd3 42. Rh6 Rd7 43. Be5 Bb6 44. Ke6 Kc8 45. Rh4 Rb7 46. Rc4+ 1-0


[Site "https://www.chess.com"]

[Event "Titled Tuesday Blitz June 6 Late 2023"]
[White "Ibarra Jerez, Jose Carlos"]
[Black "Martins, Bruno Andre Leite"]
[WhiteFideId "2226332"]
[BlackFideId "1942255"]
[WhiteElo "2631"]
[BlackElo "2241"]
[Result "1-0"]
[Round "6"]
[TimeControl "180+2"]
[Date "2023.06.07"]
[WhiteClock "0:00:28"]
[BlackClock "0:00:07"]
[Board "26"]

1. e4 e6 2. d4 d5 3. Nc3 Nf6 4. Bg5 dxe4 5. Nxe4 Be7 6. Bxf6 gxf6 7. Nf3 a6 8. Qd2 f5 9. Nc3 b5 10. O-O-O Bb7 11. d5 b4 12. Bc4 Qd6 13. Na4 e5 14. Rhe1 Nd7 15. Qe3 e4 16. Nd4 Qg6 17. Kb1 Ne5 18. Bb3 Ng4 19. Qf4 Bd6 20. Qxf5 Qxf5 21. Nxf5 Nxf2 22. Rd2 Ng4 23. Rxe4+ Ne5 24. Nb6 Rd8 25. Nc4 f6 26. Ncxd6+ cxd6 27. Rxb4 Bc8 28. Rf2 Rg8 29. g3 Rg4 30. Rb6 Re4 31. a4 Ng4 32. Rf1 Nxh2 33. Rh1 Bxf5 34. Rxh2 a5 35. Rf2 Re5 36. Ra6 Kf7 37. Rxa5 Kg6 38. Rb5 Ra8 39. Rb6 Re3 40. Ka2 Rd8 41. Rb4 Rxg3 42. Rbf4 Rg5 43. c3 Re8 44. Rxf5 Rxf5 45. Bc2 Re5 46. Rxf5 Rxf5 47. a5 h5 48. a6 h4 49. a7 h3 50. a8=Q h2 51. Qg8+ 1-0


[Site "https://www.chess.com"]

[Event "Titled Tuesday Blitz June 6 Late 2023"]
[White "Hollan, Martin"]
[Black "Zakhartsov, Vladimir"]
[WhiteFideId "360937"]
[BlackFideId "4145097"]
[WhiteElo "2370"]
[BlackElo "2508"]
[Result "0-1"]
[Round "6"]
[TimeControl "180+2"]
[Date "2023.06.07"]
[WhiteClock "0:00:32"]
[BlackClock "0:01:10"]
[Board "27"]

1. b4 b5 2. e3 e6 3. Bxb5 Qg5 4. Bf1 Bxb4 5. Nf3 Qe7 6. Bb2 Nf6 7. Be2 Nc6 8. O-O Rb8 9. Nc3 e5 10. e4 O-O 11. Nd5 Nxd5 12. exd5 Bc5 13. Rb1 Nd4 14. Bxd4 Rxb1 15. Qxb1 exd4 16. Bd3 d6 17. c3 dxc3 18. Bxh7+ Kh8 19. Bd3 Bg4 20. dxc3 Bxf3 21. gxf3 Qg5+ 22. Kh1 Qxd5 23. Be4 Qe5 24. Qd3 Qf4 25. Rb1 g6 26. Kg2 Kg7 27. h3 Rh8 28. Rh1 Rh5 29. Kf1 Qc1+ 0-1


[Site "https://www.chess.com"]

[Event "Titled Tuesday Blitz June 6 Late 2023"]
[White "Zhigalko, Sergei"]
[Black "Martinez Ramirez, Lennis"]
[WhiteFideId "13502956"]
[BlackFideId "3509079"]
[WhiteElo "2626"]
[BlackElo "2410"]
[Result "1-0"]
[Round "6"]
[TimeControl "180+2"]
[Date "2023.06.07"]
[WhiteClock "0:00:05"]
[BlackClock "0:00:07"]
[Board "28"]

1. e4 c5 2. Nf3 Nc6 3. c3 Nf6 4. e5 Nd5 5. Bc4 Nb6 6. Bb3 d5 7. exd6 Qxd6 8. O-O Be6 9. Bxe6 Qxe6 10. a4 O-O-O 11. a5 Nc4 12. a6 b6 13. d4 f6 14. Qa4 cxd4 15. cxd4 N4a5 16. Nbd2 g5 17. b4 Nc4 18. Re1 Qd5 19. Nxc4 Qxc4 20. Bd2 b5 21. Rac1 bxa4 22. Rxc4 Kd7 23. b5 Nb8 24. Ba5 Re8 25. Rc7+ Kd6 26. Rxa7 e5 27. Rb7 Nd7 28. Bb4+ Kd5 29. Bxf8 Nxf8 30. a7 Ng6 31. dxe5 g4 32. Rd1+ Kc5 33. Rc1+ Kb4 34. Nd4 Nxe5 35. Nc6+ Nxc6 36. bxc6+ Ka5 37. c7 Ka6 38. Rcb1 Ra8 39. R7b4 Ka5 40. Rb5+ Ka6 41. R5b4 Ka5 42. Rb8 a3 43. h4 Ka6 44. R8b3 a2 45. Ra3# 1-0


[Site "https://www.chess.com"]

[Event "Titled Tuesday Blitz June 6 Late 2023"]
[White "Lopez Mulet, Inigo"]
[Black "Terry, Renato"]
[WhiteFideId "22235620"]
[BlackFideId "3803457"]
[WhiteElo "2302"]
[BlackElo "2575"]
[Result "0-1"]
[Round "6"]
[TimeControl "180+2"]
[Date "2023.06.07"]
[WhiteClock "0:00:18"]
[BlackClock "0:00:08"]
[Board "29"]

1. d4 d5 2. c4 dxc4 3. Nc3 a6 4. e4 b5 5. Nf3 Bb7 6. e5 e6 7. a4 Bb4 8. axb5 axb5 9. Rxa8 Bxa8 10. Bd2 Bxc3 11. bxc3 Ne7 12. Be2 O-O 13. O-O Nd7 14. Qc2 h6 15. Ra1 Bd5 16. Bc1 Re8 17. Ba3 Ng6 18. Bb4 Nf4 19. Ne1 Qg5 20. g3 Nxe2+ 21. Qxe2 Qf5 22. Nc2 Bf3 23. Qd2 Rd8 24. Ne3 Qh5 25. Qe1 Bc6 26. Qd1 Qg6 27. Qg4 Qd3 28. Rd1 Qh7 29. h4 h5 30. Qg5 Re8 31. Qf4 Nb6 32. Ra1 Qg6 33. Bc5 Qd3 34. Bb4 Na4 35. Rc1 Qg6 36. Kh2 Nb2 37. Qg5 Qxg5 38. hxg5 Nd3 39. Rb1 Nxf2 40. Ra1 Ra8 41. Rxa8+ Bxa8 42. Kg1 Ne4 43. g4 hxg4 44. Nxg4 Nxg5 45. Kf2 Bd5 46. Ke3 Nf3 47. Kf4 Ne1 48. Ba5 c6 49. Kg5 Nd3 50. Ne3 Kh7 51. Nc2 Nf2 52. Ne3 Ne4+ 53. Kh5 f6 54. exf6 gxf6 55. Ng4 Kg7 56. Ne3 c5 57. dxc5 Nxc5 58. Kg4 Kf7 59. Kf4 Nd3+ 60. Kg4 Be4 61. Nf1 e5 62. Ng3 Bg6 63. Kf3 Ke6 64. Ke3 f5 65. Ne2 f4+ 66. Kd2 Kd5 67. Bc7 Bh5 68. Ng1 Bg4 69. Ne2 Bxe2 70. Kxe2 Ke4 71. Bd6 f3+ 72. Kd2 Nf4 73. Bc7 Nd5 74. Bd6 Ne3 75. Bc5 Ng4 76. Bb6 Kf4 77. Bc7 Kg3 78. Ke1 Kg2 79. Bb6 e4 80. Bd4 e3 81. Bxe3 Nxe3 82. Kd2 Nd5 83. Kc2 f2 0-1


[Site "https://www.chess.com"]

[Event "Titled Tuesday Blitz June 6 Late 2023"]
[White "Elsa167"]
[Black "Eugene, Floryan"]
[BlackFideId "20694784"]
[WhiteElo "2881"]
[BlackElo "2369"]
[Result "1-0"]
[Round "6"]
[TimeControl "180+2"]
[Date "2023.06.07"]
[WhiteClock "0:00:26"]
[BlackClock "0:00:39"]
[Board "30"]

1. d4 f5 2. Nc3 Nf6 3. Bg5 Nc6 4. Bxf6 exf6 5. e3 Bb4 6. Ne2 d5 7. g3 Be6 8. a3 Bd6 9. Bg2 Ne7 10. Nb5 c6 11. Nxd6+ Qxd6 12. Qd2 O-O 13. h4 Rfe8 14. h5 Bf7 15. Nf4 Nc8 16. Bh3 Qd7 17. Rg1 Nd6 18. g4 Ne4 19. Qe2 Ng5 20. gxf5 Re4 21. Bg4 Rxf4 22. exf4 Re8 23. fxg5 Rxe2+ 24. Bxe2 Qxf5 25. gxf6 Qxf6 26. O-O-O Qxf2 27. Bd3 Bxh5 28. Rde1 Qxd4 29. Kb1 Bg6 30. Rxg6 hxg6 31. Bxg6 Qf2 32. Re8+ Qf8 33. Kc1 Qxe8 34. Bxe8 Kf8 35. Bd7 Ke7 36. Bc8 b5 37. b4 Kd6 38. Kd2 c5 39. Kd3 g5 40. Bg4 d4 41. Ke4 Kc6 42. Ke5 Kb6 43. Kd5 cxb4 44. axb4 a5 45. bxa5+ Kxa5 46. Kxd4 Kb4 47. Be6 Ka3 48. Ke4 Kb2 49. Bb3 b4 50. Kf5 Kc3 51. Kxg5 Kd4 52. Kf5 Kc5 53. Ke5 Kb5 54. Kd5 Ka5 55. Kc5 1-0


[Site "https://www.chess.com"]

[Event "Titled Tuesday Blitz June 6 Late 2023"]
[White "Gadimbayli, Abdulla"]
[Black "MaryanKyrychenko"]
[WhiteFideId "13404938"]
[WhiteElo "2386"]
[BlackElo "2636"]
[Result "1/2-1/2"]
[Round "6"]
[TimeControl "180+2"]
[Date "2023.06.07"]
[WhiteClock "0:00:08"]
[BlackClock "0:00:07"]
[Board "31"]

1. e4 c5 2. Nf3 d6 3. d4 cxd4 4. Nxd4 Nf6 5. Nc3 g6 6. Be3 Bg7 7. f3 O-O 8. Qd2 Nc6 9. O-O-O d5 10. exd5 Nxd5 11. Nxc6 bxc6 12. Bd4 e5 13. Bc5 Be6 14. Ne4 Re8 15. h4 Qc7 16. Bc4 Rad8 17. Qf2 Nf4 18. Bb3 Bxb3 19. axb3 Ne6 20. Kb1 Nd4 21. Bxd4 exd4 22. h5 c5 23. Qh4 Qe5 24. Qh2 f5 25. Qxe5 Rxe5 26. Nf2 Re2 27. Nd3 Rxg2 28. hxg6 hxg6 29. Nf4 Rg3 30. Rhg1 Rxg1 31. Rxg1 Kf7 32. Nd3 Rc8 33. Nf4 Rc6 34. Re1 g5 35. Nd3 Kg6 36. Re7 Bf6 37. Rxa7 g4 38. fxg4 fxg4 39. Ra8 g3 40. Rg8+ Bg7 41. Re8 Rf6 42. Re2 Kh5 43. Nxc5 Kg4 44. Ne4 Rf1+ 45. Ka2 Kf3 46. Nxg3 Kxg3 47. Re8 Rc1 48. Rg8 Kf3 49. Rxg7 Rxc2 50. Rd7 Ke3 51. b4 d3 52. Kb3 Rc8 53. b5 d2 54. Kb4 Rc1 55. b6 d1=Q 56. Rxd1 Rxd1 57. b7 Rd8 58. Kc5 Rb8 59. Kc6 Kd4 60. b4 Kc4 61. b5 Kb4 62. b6 Ka5 63. Kc7 Rh8 64. b8=Q Rxb8 65. Kxb8 Kxb6 1/2-1/2


[Site "https://www.chess.com"]

[Event "Titled Tuesday Blitz June 6 Late 2023"]
[White "Martic, Ivan"]
[Black "Papasimakopoulos, Alexandros"]
[WhiteFideId "929301"]
[BlackFideId "4244125"]
[WhiteElo "2346"]
[BlackElo "2359"]
[Result "1-0"]
[Round "6"]
[TimeControl "180+2"]
[Date "2023.06.07"]
[WhiteClock "0:01:36"]
[BlackClock "0:01:11"]
[Board "32"]

1. e4 e6 2. d4 d5 3. e5 Bd7 4. Nf3 a6 5. c4 Bb4+ 6. Nc3 Ne7 7. a3 Bxc3+ 8. bxc3 dxc4 9. Bxc4 Bb5 10. Ba2 c5 11. a4 Bc6 12. O-O cxd4 13. Nxd4 O-O 14. Qg4 Nd7 15. Re1 Kh8 16. Bxe6 Ng6 17. Nxc6 bxc6 18. Bxd7 Qc7 19. Bf5 Rae8 20. Ba3 Rg8 21. Bd6 Qa7 22. h4 Ne7 23. Bxh7 1-0


[Site "https://www.chess.com"]

[Event "Titled Tuesday Blitz June 6 Late 2023"]
[White "Sieciechowicz, Marcin"]
[Black "Wadsworth, Matthew J"]
[WhiteFideId "1130170"]
[BlackFideId "415804"]
[WhiteElo "2301"]
[BlackElo "2347"]
[Result "0-1"]
[Round "6"]
[TimeControl "180+2"]
[Date "2023.06.07"]
[WhiteClock "0:00:01"]
[BlackClock "0:00:11"]
[Board "33"]

1. d4 Nf6 2. Bf4 c5 3. e3 Qb6 4. Na3 d6 5. Nc4 Qc7 6. a4 g6 7. Nf3 Bg7 8. Be2 O-O 9. O-O Be6 10. Na3 a6 11. h3 h6 12. Bh2 Nbd7 13. Re1 Nb6 14. c3 cxd4 15. Nxd4 Bd7 16. a5 Na4 17. Nc4 b5 18. axb6 Nxb6 19. Na5 e5 20. Nc2 Na4 21. Nc4 Rfb8 22. Nb4 a5 23. Nd5 Nxd5 24. Qxd5 Be6 25. Qxd6 Qxd6 26. Nxd6 Nxb2 27. Reb1 a4 28. c4 a3 29. c5 a2 30. Rc1 e4 31. c6 Nd3 32. Bxd3 exd3 33. c7 Rc8 34. Nxc8 Rxc8 35. e4 d2 36. Rd1 Bxa1 37. Rxa1 Bb3 38. Kf1 d1=Q+ 0-1


[Site "https://www.chess.com"]

[Event "Titled Tuesday Blitz June 6 Late 2023"]
[White "reevecanada"]
[Black "Wagner, Dennis"]
[BlackFideId "24650684"]
[WhiteElo "2601"]
[BlackElo "2478"]
[Result "0-1"]
[Round "6"]
[TimeControl "180+2"]
[Date "2023.06.07"]
[WhiteClock "0:00:41"]
[BlackClock "0:00:10"]
[Board "35"]

1. e4 e5 2. Nf3 Nc6 3. d4 exd4 4. Nxd4 Nf6 5. Nxc6 bxc6 6. Nd2 Bc5 7. Be2 O-O 8. e5 Nd5 9. Nb3 Be7 10. c4 Nb6 11. c5 Nd5 12. O-O d6 13. cxd6 cxd6 14. exd6 Bxd6 15. Bf3 Re8 16. Nd4 Bd7 17. b3 Qf6 18. Bb2 Be5 19. Rc1 Rac8 20. Ba1 Nf4 21. Nxc6 Bxc6 22. Rxc6 Rxc6 23. Bxe5 Rxe5 24. Bxc6 Qxc6 25. Qd8+ Re8 26. Qg5 Ne2+ 27. Kh1 h6 28. Qd2 Qe4 29. f3 Qd4 30. Qe1 Re5 31. b4 Nc3 32. Qc1 Qxb4 33. Qa1 Rh5 34. Rc1 Ne2 35. Rc8+ Kh7 36. h3 Rc5 37. Rxc5 Qxc5 38. Qb1+ g6 39. Kh2 Qc7+ 40. f4 Qxf4+ 41. Kh1 Qe3 42. Qd1 Kg7 43. Qa1+ Qd4 44. Qe1 Nf4 45. Kh2 Nd3 46. Qd2 Qf4+ 47. Qxf4 Nxf4 48. Kg3 Nd5 49. Kf3 Kf6 50. Ke4 Ke6 51. Kd4 Kd6 52. Kc4 f5 53. Kd4 g5 54. a4 f4 55. Ke4 Ke6 56. a5 Ne7 57. a6 Nc6 58. Kf3 Kf5 59. Kf2 Nb4 60. Kg1 Nxa6 61. Kh2 Nc5 62. Kh1 a5 63. Kg1 a4 64. Kh1 a3 65. Kh2 a2 66. Kg1 a1=Q+ 67. Kh2 Ne4 68. g4+ fxg3+ 69. Kg2 Qb2+ 70. Kf3 Qf2# 0-1


[Site "https://www.chess.com"]

[Event "Titled Tuesday Blitz June 6 Late 2023"]
[White "Rosen, Eric"]
[Black "Harish, Neeraj"]
[WhiteFideId "2032562"]
[BlackFideId "30958130"]
[WhiteElo "2331"]
[BlackElo "1879"]
[Result "1-0"]
[Round "6"]
[TimeControl "180+2"]
[Date "2023.06.07"]
[WhiteClock "0:00:07"]
[BlackClock "0:00:49"]
[Board "36"]

1. d4 d5 2. Bf4 Nf6 3. e3 e6 4. Nf3 Bd6 5. Ne5 O-O 6. Nd2 c5 7. c3 Qc7 8. Bd3 Nbd7 9. Ndf3 Ne4 10. O-O Ndf6 11. h3 b6 12. Nd2 Bb7 13. a4 Rac8 14. Qe2 Nxd2 15. Qxd2 Ne4 16. Bxe4 dxe4 17. Ng4 Bxf4 18. exf4 cxd4 19. Qxd4 Qxf4 20. Qe3 Qxe3 21. fxe3 f5 22. Ne5 Rfd8 23. Rfd1 Ba6 24. Rd4 Rxd4 25. exd4 g5 26. Re1 b5 27. axb5 Bxb5 28. Ra1 a6 29. Kf2 Rb8 30. Ke3 Kg7 31. b4 Rc8 32. c4 f4+ 33. Kxe4 Bxc4 34. Nxc4 Rxc4 35. Rxa6 Kf6 36. Rb6 Rc1 37. d5 Re1+ 38. Kf3 Re3+ 39. Kf2 h5 40. Rxe6+ Rxe6 41. dxe6 Kxe6 42. Kf3 Kd5 43. h4 gxh4 44. Kxf4 Kc4 45. Kg5 Kxb4 46. Kxh4 Kc5 47. Kxh5 Kd6 48. Kg6 Ke7 49. Kg7 Ke6 50. g4 Ke7 51. g5 Ke6 52. g6 Ke7 53. Kh7 1-0


[Site "https://www.chess.com"]

[Event "Titled Tuesday Blitz June 6 Late 2023"]
[White "Xiong, Jeffery"]
[Black "Alexikov, Alexander"]
[WhiteFideId "2047640"]
[BlackFideId "14103958"]
[WhiteElo "2726"]
[BlackElo "2186"]
[Result "1-0"]
[Round "6"]
[TimeControl "180+2"]
[Date "2023.06.07"]
[WhiteClock "0:00:58"]
[BlackClock "0:00:01"]
[Board "37"]

1. e4 c5 2. Nf3 d6 3. Nc3 Nf6 4. d4 cxd4 5. Qxd4 a6 6. Nd5 Nc6 7. Qd3 e6 8. Nxf6+ Qxf6 9. c3 Ne5 10. Nxe5 Qxe5 11. Be2 Be7 12. O-O O-O 13. a4 b6 14. f4 Qc5+ 15. Be3 Qc7 16. Kh1 Bb7 17. f5 Bf6 18. fxe6 fxe6 19. Bg4 Rfe8 20. Bg1 Be5 21. Bd4 b5 22. Bxe5 dxe5 23. axb5 axb5 24. Rxa8 Bxa8 25. Qxb5 Re7 26. Qa4 Bb7 27. h3 Qc6 28. Qb4 Qc7 29. Rd1 g6 30. Rd6 Kg7 31. Bxe6 Bxe4 32. Qb6 Qb7 33. Qxb7 Rxb7 34. b4 Kf8 35. Bd5 Bxd5 36. Rxd5 Rc7 37. Rc5 1-0


[Site "https://www.chess.com"]

[Event "Titled Tuesday Blitz June 6 Late 2023"]
[White "Svane, Frederik"]
[Black "Aldokhin, Ivan"]
[WhiteFideId "12923044"]
[BlackFideId "24115720"]
[WhiteElo "2502"]
[BlackElo "2322"]
[Result "1-0"]
[Round "6"]
[TimeControl "180+2"]
[Date "2023.06.07"]
[WhiteClock "0:00:38"]
[BlackClock "0:00:03"]
[Board "38"]

1. d4 Nf6 2. Nf3 g6 3. Bf4 Bg7 4. e3 d6 5. h3 O-O 6. Be2 b6 7. O-O Bb7 8. a4 Nbd7 9. a5 bxa5 10. Nbd2 c5 11. Nc4 cxd4 12. Nxa5 Bxf3 13. Bxf3 e5 14. Bg5 dxe3 15. Bxe3 e4 16. Be2 Ne5 17. Ra4 Qe7 18. Bg5 d5 19. Bxf6 Qxf6 20. Qxd5 e3 21. fxe3 Qg5 22. Raf4 Rad8 23. Qe4 Rd2 24. R4f2 Rc8 25. Bc4 Rcd8 26. Nb7 Rxf2 27. Rxf2 Rd1+ 28. Rf1 Rd2 29. Bxf7+ Kh8 30. Nc5 Bh6 31. Kh1 Qxe3 32. Qa8+ 1-0


[Site "https://www.chess.com"]

[Event "Titled Tuesday Blitz June 6 Late 2023"]
[White "Mortazavi, Ali"]
[Black "Rustemov, Alexander"]
[WhiteFideId "401323"]
[BlackFideId "4119002"]
[WhiteElo "2339"]
[BlackElo "2841"]
[Result "1-0"]
[Round "6"]
[TimeControl "180+2"]
[Date "2023.06.07"]
[WhiteClock "0:00:24"]
[BlackClock "0:00:03"]
[Board "39"]

1. Nf3 d5 2. g3 Bf5 3. Bg2 e6 4. O-O Nf6 5. d3 c6 6. c4 dxc4 7. dxc4 Qxd1 8. Rxd1 Bc2 9. Rf1 Nbd7 10. Bf4 a5 11. Rc1 Bg6 12. Nc3 Be7 13. Ne5 O-O 14. Nxg6 hxg6 15. Rd1 Rfd8 16. Na4 Nc5 17. Nxc5 Bxc5 18. Bc7 Rdc8 19. Bf4 Kf8 20. h3 Ke7 21. g4 Rd8 22. Kf1 a4 23. e3 Nd7 24. Ke2 a3 25. b3 Bb4 26. Bc7 Rdc8 27. Bg3 Nc5 28. Bd6+ Ke8 29. e4 Na6 30. e5 Bxd6 31. Rxd6 Nb4 32. Kd2 Rab8 33. c5 b6 34. cxb6 Rxb6 35. Kc3 Nd5+ 36. Kd2 g5 37. Bxd5 exd5 38. Rc1 Ke7 39. Kd3 f6 40. Kd4 Rb4+ 41. Kc5 Rb5+ 42. Kd4 Rb4+ 43. Kc3 Re4 44. Kd3 Rxe5 45. Rdxc6 Rxc6 46. Rxc6 Re1 47. Ra6 Rh1 48. Rxa3 Rxh3+ 49. Kd4 Rf3 50. Kxd5 Kf7 51. Ra7+ Kg6 52. b4 Rxf2 53. b5 Rb2 54. a4 f5 55. gxf5+ Kxf5 56. Rxg7 Rb4 57. Rf7+ Kg6 58. Ra7 g4 59. Kc5 Rb1 60. Ra8 Kg7 61. Ra7+ Kg6 62. Ra6+ Kg7 63. Rd6 Ra1 64. Kb4 Rb1+ 65. Ka5 Rb3 66. Rd4 g3 67. Rg4+ Kf6 68. b6 Kf5 69. Rg8 Kf4 70. Ka6 Kf3 71. a5 g2 72. b7 Kf2 73. Ka7 Rb5 74. a6 Rg5 75. Rxg5 1-0


[Site "https://www.chess.com"]

[Event "Titled Tuesday Blitz June 6 Late 2023"]
[White "Bryakin, Mikhail"]
[Black "Streltsov, Alexey"]
[WhiteFideId "4165314"]
[BlackFideId "24104434"]
[WhiteElo "2464"]
[BlackElo "2567"]
[Result "1-0"]
[Round "6"]
[TimeControl "180+2"]
[Date "2023.06.07"]
[WhiteClock "0:00:04"]
[BlackClock "0:00:22"]
[Board "40"]

1. e4 c6 2. d4 d5 3. e5 Bf5 4. h4 h5 5. Bd3 Bxd3 6. Qxd3 Qa5+ 7. Nd2 e6 8. Nf3 c5 9. O-O cxd4 10. Nxd4 Nc6 11. Nxc6 bxc6 12. c4 Ne7 13. cxd5 cxd5 14. Nb3 Qa4 15. Bg5 Nc6 16. f4 Be7 17. Bxe7 Nxe7 18. Nc5 Qc6 19. Rac1 O-O 20. b4 Nf5 21. g3 Rfc8 22. Kh2 a5 23. b5 Qb6 24. Na4 Qe3 25. Qxe3 Nxe3 26. Rfe1 Nc4 27. Rc3 Rab8 28. Rb1 Rc7 29. b6 Rcb7 30. Rb5 Kf8 31. Nc5 Re7 32. Rcb3 f6 33. exf6 gxf6 34. a4 e5 35. b7 Nd6 36. Rb6 Rc7 37. Rxd6 Rxc5 38. Rxf6+ Ke7 39. fxe5 Rc4 40. Ra6 Kd7 41. Rxa5 d4 42. Rd5+ Kc7 43. Rd3 Rxa4 44. R5xd4 Rxd4 45. Rxd4 Rxb7 46. e6 Kc6 47. Rf4 Re7 48. Rf5 Rxe6 49. Rxh5 Kd6 50. Rf5 Ke7 51. Rf2 Ra6 52. Kh3 Ra3 53. h5 Ra5 54. Kh4 Ra1 55. g4 Ra2 56. Rxa2 Kf6 57. Rf2+ Kg7 58. Kg5 1-0


[Site "https://www.chess.com"]

[Event "Titled Tuesday Blitz June 6 Late 2023"]
[White "ArtemDyachuk"]
[Black "Maksimovic, Bojan"]
[BlackFideId "14408120"]
[WhiteElo "2562"]
[BlackElo "2457"]
[Result "0-1"]
[Round "6"]
[TimeControl "180+2"]
[Date "2023.06.07"]
[WhiteClock "0:00:01"]
[BlackClock "0:00:22"]
[Board "41"]

1. e4 c5 2. Nf3 e6 3. d4 cxd4 4. Nxd4 a6 5. c4 Nf6 6. Nc3 Qc7 7. Be2 Bb4 8. Qd3 Nc6 9. O-O O-O 10. Rd1 b6 11. Bg5 Nxd4 12. Qxd4 Bc5 13. Qd3 Qe5 14. Bh4 Bb7 15. Bg3 Qg5 16. e5 Nh5 17. Bxh5 Qxh5 18. Qxd7 Rab8 19. a3 a5 20. Na4 Qg4 21. Nxc5 bxc5 22. Rac1 h5 23. h3 Qg5 24. h4 Qg4 25. Qe7 Ba8 26. Qg5 Qxg5 27. hxg5 Rxb2 28. Rd7 Kh7 29. Rc7 Kg6 30. Rxc5 Rh8 31. Rxa5 Bc6 32. Rc5 Be4 33. Rc7 h4 34. Bh2 h3 35. g3 Rhb8 36. g4 Rb1 37. Bf4 Rxc1+ 38. Bxc1 Rb1 39. Kh2 Rxc1 40. Kxh3 Rc3+ 41. Kh2 Rf3 42. Kg1 Kxg5 43. c5 Rh3 44. Kf1 Rxa3 45. Rxf7 Bf3 46. Ke1 Rd3 47. Rxg7+ Kh6 0-1


[Site "https://www.chess.com"]

[Event "Titled Tuesday Blitz June 6 Late 2023"]
[White "Tejedor Fuente, Enrique"]
[Black "Riff, Jean-Noel"]
[WhiteFideId "2299100"]
[BlackFideId "611190"]
[WhiteElo "2496"]
[BlackElo "2479"]
[Result "0-1"]
[Round "6"]
[TimeControl "180+2"]
[Date "2023.06.07"]
[WhiteClock "0:00:02"]
[BlackClock "0:00:30"]
[Board "42"]

1. Nc3 e5 2. Nf3 Nc6 3. e3 Nf6 4. d4 exd4 5. exd4 d5 6. Bb5 Bb4 7. O-O O-O 8. h3 h6 9. Ne2 Ne4 10. c3 Bd6 11. Bf4 Ne7 12. Bxd6 Qxd6 13. Nd2 c6 14. Bd3 f5 15. Nf3 Ng6 16. Re1 Bd7 17. Kf1 Rae8 18. Qb3 b6 19. Qa3 Qc7 20. Kg1 Rf7 21. Nc1 Rfe7 22. Bf1 Bc8 23. Nd3 c5 24. Nde5 Nxe5 25. Nxe5 c4 26. Re2 f4 27. Rae1 Ng5 28. f3 Re6 29. Qa4 Qe7 30. Qb5 Bb7 31. Kh2 a6 32. Qa4 Qf6 33. Ng4 Qg6 34. Ne5 Qf5 35. Qd1 h5 36. Rf2 g6 37. Be2 Kg7 38. Qd2 Nf7 39. Nxf7 Qxf7 40. Ref1 g5 41. Bd1 Re3 42. b3 b5 43. bxc4 dxc4 44. a4 Bd5 45. axb5 axb5 46. Qb2 Qd7 47. Qa3 Kf6 48. Qa6+ R8e6 49. Qa3 g4 50. Qf8+ Qf7 51. Qh8+ Qg7 52. Qd8+ Qe7 53. Qxd5 g3+ 54. Kg1 gxf2+ 55. Kxf2 Re1 56. Rxe1 Rxe1 57. Qc6+ Qe6 58. d5 Qxc6 59. dxc6 Re7 60. Bc2 Ke5 61. g3 fxg3+ 62. Kxg3 Kd6 63. Kh4 Kxc6 64. Kxh5 Re3 65. Kg5 Rxc3 66. Be4+ Kd6 67. h4 Rc1 68. h5 Rh1 69. h6 c3 70. h7 b4 71. Bg6 b3 72. Bh5 c2 73. h8=Q c1=Q+ 74. f4 Qg1+ 75. Kf5 Qc5+ 76. Kg4 Qxh5+ 77. Qxh5 Rxh5 78. Kxh5 b2 79. f5 b1=Q 80. f6 Ke6 81. f7 Kxf7 82. Kg5 Qb5+ 83. Kh6 Kf6 84. Kh7 Qh5+ 0-1


[Site "https://www.chess.com"]